 Dungeon Crawl Stone Soup version 0.20.1-1-g8b1a95d (webtiles) character file.

131296 Monsterracer the Fighter (level 17, -3/180 HPs)
             Began as an Ogre Ice Elementalist on Oct 25, 2017.
             Was the Champion of Ashenzari.
             Slain by a ten-headed hydra (9 damage)
             ... summoned by Bai Suzhen
             ... on level 2 of the Swamp on Oct 26, 2017.
             The game lasted 01:57:56 (42853 turns).

Monsterracer the Fighter (Ogre Ice Elementalist)   Turns: 42853, Time: 01:57:57

Health: -3/180     AC: 29    Str: 14    XL:     17   Next: 9%
Magic:  24/31      EV: 14    Int: 42    God:    Ashenzari [******]
Gold:   1446       SH:  0    Dex:  9    Spells: 5/37 levels left

rFire    . . .     SeeInvis +   a - +8 bardiche (vamp) (curse)
rCold    . . .     Gourm    .   (shield currently unavailable)
rNeg     . . .     Faith    .   J - +0 troll leather armour (curse)
rPois    +         Spirit   .   B - +2 hat of Nueched {rPois Str-2 Int+6} (curse)
rElec    .         Reflect  .   j - +2 cloak (curse)
rCorr    .         Harm     .   (gloves unavailable)
MR       +....     Clarity  +   (boots unavailable)
Stlth    +++.......             C - amulet "Ywoaroiwn" {Regen+ Int+7} (curse)
Regen    1.2/turn               n - +6 ring of protection (curse)
MPRegen  0.3/turn               u - +6 ring of intelligence (curse)

@: icy armour, deflect missiles, slow
A: unfitting armour, clever 1, tough skin 1
a: Curse Item, Scrying, Transfer Knowledge, Renounce Religion


You were on level 2 of the Swamp.
You worshipped Ashenzari.
Ashenzari was exalted by your worship.
You were not hungry.

You visited 5 branches of the dungeon, and saw 27 of its levels.
You also visited: Labyrinth, Sewer and Ice Cave.

You collected 2662 gold pieces.
You spent 1216 gold pieces at shops.

Inventory:

Hand Weapons
 a - a cursed +8 vampiric bardiche (weapon)
 e - a +2 glaive of protection
Armour
 j - a cursed +2 cloak (worn)
 w - +0 acid dragon scales
 B - the cursed +2 hat of Nueched (worn) {rPois Str-2 Int+6}
   (You bought it in a shop on level 7 of the Dungeon)

   It affects your strength (-2).
   It affects your intelligence (+6).
   It protects you from poison.
   It has a curse placed upon it.
 J - a cursed +0 troll leather armour (worn)
 S - +0 ice dragon scales
Jewellery
 n - a cursed +6 ring of protection (left hand)
 q - a +2 ring of slaying
 u - a cursed +6 ring of intelligence (right hand)
 A - an uncursed ring of protection from magic
 C - the cursed amulet "Ywoaroiwn" (around neck) {Regen+ Int+7}
   (You found it on level 3 of the Lair of Beasts)

   [amulet of regeneration]

   It affects your intelligence (+7).
   It increases your rate of regeneration.
   It has a curse placed upon it.
Wands
 m - a wand of acid (8/15)
 o - a wand of digging (14/24)
 y - a wand of acid (8/15)
 I - a wand of digging (4/24)
 M - a wand of acid (2/15)
 P - a wand of acid (10/15)
 U - a wand of iceblast (11/15)
Scrolls
 b - 5 scrolls of remove curse
 f - 6 scrolls of teleportation
 i - a scroll of amnesia
 E - 5 scrolls of fear
 F - a scroll of recharging
 G - 16 scrolls of identify
 H - a scroll of magic mapping
 O - a scroll of enchant armour
Potions
 c - 10 potions of might
 g - a potion of ambrosia
 h - 4 potions of lignification
 k - 3 potions of invisibility
 l - 4 potions of brilliance
 p - 18 potions of curing
 r - 5 potions of flight
 t - 2 potions of berserk rage
 x - 2 potions of agility
 D - 5 potions of heal wounds
 N - 4 potions of haste
 Q - 6 potions of mutation
 R - a potion of resistance
Books
 W - a book of Ice

   Spells                             Type                      Level
   a - Ice Form                       Ice/Transmutation            4
   b - Metabolic Englaciation         Hexes/Ice                    5
   c - Ozocubu's Refrigeration        Ice                          6
   d - Bolt of Cold                   Conjuration/Ice              6
   e - Freezing Cloud                 Conjuration/Ice/Air          6
   f - Simulacrum                     Ice/Necromancy               6
Comestibles
 d - 17 bread rations
 s - 17 meat rations
 z - 4 royal jellies


   Skills:
 + Level 14.1 Fighting
 * Level 11.7(17.8) Polearms
   Level 8.7(11.3) Staves
 + Level 4.3 Armour
 - Level 6.0(10.5) Dodging
 - Level 3.3(7.3) Stealth
 * Level 10.5 Spellcasting
 + Level 9.5(13.8) Conjurations
 - Level 5.6(10.1) Hexes
 - Level 5.3(9.8) Charms
   Level 2.5(6.1) Summonings
 - Level 1.0(3.5) Translocations
 + Level 13.4(17.5) Ice Magic
 + Level 5.5(10.0) Air Magic


You had 5 spell levels left.
You knew the following spells:

 Your Spells              Type           Power        Failure   Level  Hunger
a - Throw Icicle          Conj/Ice       ########     1%          4    None
b - Ozocubu's Armour      Chrm/Ice       #######.     1%          3    None
c - Conjure Flame         Conj/Fire      ######..     1%          3    None
d - Freezing Cloud        Conj/Ice/Air   #######...   1%          6    ###....
e - Blink                 Tloc           N/A          1%          2    None
g - Freeze                Ice            ####         0%          1    None
h - Cause Fear            Hex            #######...   1%          4    None
x - Passwall              Tmut/Erth      ####......   1%          2    None
y - Deflect Missiles      Chrm/Air       #######...   4%          6    ###....
z - Apportation           Tloc           ######       1%          1    None


Dungeon Overview and Level Annotations

Branches:
Dungeon (15/15)            Temple (1/1) D:4            Lair (6/6) D:8
  Swamp (3/4) Lair:2        Snake (0/4) Lair:3        Slime (0/5) Lair:5
    Orc (2/2) D:10            Elf (0/3) Orc:2        Vaults (0/5) D:14
 Depths (0/5) D:15

Altars:
Ashenzari
Cheibriados
Dithmenos
Elyvilon
Fedhas
Gozag
Hepliaklqana
Kikubaaqudgha
Makhleb
Nemelex Xobeh
Okawaru
Qazlal
Ru
Sif Muna
Trog
Uskayaw
Vehumet
Xom
Yredelemnul
Zin
The Shining One
Beogh
Jiyva

Shops:
D:6 :   D:7 [   D:10 %   D:11 !   D:12 !*   Orc:1 (   Orc:2 **([=

Annotations:
D:12 Rupert
Swamp:2 Bai Suzhen


Innate Abilities, Weirdness & Mutations

You are too large for most types of armour.
You have tough skin. (AC +1)
Your mind is acute. (Int +2)


Message History

You slash Bai Suzhen!
You feel better.
Bai Suzhen is severely wounded.
You are standing in a thunderstorm.
The ten-headed hydra is struck by lightning.
The ten-headed hydra bites you!
The ten-headed hydra bites you but does no damage. x2
The ten-headed hydra barely misses you.
The ten-headed hydra bites you but does no damage. x5
The ten-headed hydra barely misses you.
The eight-headed hydra is struck by lightning.
The eight-headed hydra closely misses you.
The eight-headed hydra bites you but does no damage.
The eight-headed hydra closely misses you.
The eight-headed hydra misses you.
The eight-headed hydra bites you but does no damage. x3
The eight-headed hydra closely misses you.
The seven-headed hydra misses you.
The seven-headed hydra bites you but does no damage.
The seven-headed hydra misses you.
The seven-headed hydra closely misses you.
The seven-headed hydra barely misses you. x2
The seven-headed hydra bites you but does no damage.
Bai Suzhen breathes water at you. You deflect the torrent of water!
The torrent of water hits the seven-headed hydra.
The wave splashes down.
You hit Bai Suzhen.
Bai Suzhen is severely wounded.
You are standing in a thunderstorm.
The ten-headed hydra misses you.
The ten-headed hydra closely misses you. x2
The ten-headed hydra bites you but does no damage.
The ten-headed hydra barely misses you.
The ten-headed hydra bites you but does no damage.
The ten-headed hydra bites you.
The ten-headed hydra bites you but does no damage. x3
The eight-headed hydra bites you but does no damage. x6
The eight-headed hydra closely misses you.
The eight-headed hydra bites you but does no damage.
The seven-headed hydra closely misses you.
The seven-headed hydra bites you but does no damage.
The seven-headed hydra bites you! The seven-headed hydra misses you.
The seven-headed hydra closely misses you.
The seven-headed hydra bites you!
* * * LOW HITPOINT WARNING * * *
The seven-headed hydra closely misses you.
Bai Suzhen is engulfed in blazing flames.
Bai Suzhen barely misses you.
Bai Suzhen claws you but does no damage.
Bai Suzhen tramples you.
* * * LOW HITPOINT WARNING * * *
You hold your ground!
Unknown command.
You slash Bai Suzhen!
Bai Suzhen is almost dead.
The ten-headed hydra misses you. The ten-headed hydra bites you!
* * * LOW HITPOINT WARNING * * *
The ten-headed hydra bites you but does no damage. x2
The ten-headed hydra closely misses you.
The ten-headed hydra completely misses you.
The ten-headed hydra bites you.
* * * LOW HITPOINT WARNING * * *
The ten-headed hydra closely misses you.
The ten-headed hydra bites you but does no damage.
The ten-headed hydra barely misses you. The eight-headed hydra bites you!
* * * LOW HITPOINT WARNING * * *
The eight-headed hydra bites you but does no damage. x2
The eight-headed hydra barely misses you.
The eight-headed hydra closely misses you.
The eight-headed hydra bites you but does no damage.
The eight-headed hydra barely misses you.
The eight-headed hydra bites you but does no damage.
The seven-headed hydra bites you but does no damage.
The seven-headed hydra misses you. The seven-headed hydra bites you!
* * * LOW HITPOINT WARNING * * *
The seven-headed hydra bites you but does no damage.
The seven-headed hydra bites you.
* * * LOW HITPOINT WARNING * * *
The seven-headed hydra barely misses you.
The seven-headed hydra bites you but does no damage.
Bai Suzhen is engulfed in blazing flames.
Bai Suzhen bites you!
* * * LOW HITPOINT WARNING * * *
Bai Suzhen claws you but does no damage.
Bai Suzhen tramples you but does no damage.
The eight-headed hydra is struck by lightning.
The eight-headed hydra bites you but does no damage.
The eight-headed hydra bites you!
* * * LOW HITPOINT WARNING * * *
The eight-headed hydra misses you.
The eight-headed hydra barely misses you.
The eight-headed hydra bites you but does no damage.
The eight-headed hydra closely misses you.
The eight-headed hydra bites you but does no damage. x2
The ten-headed hydra bites you but does no damage. x2
The ten-headed hydra closely misses you.
The ten-headed hydra bites you.
* * * LOW HITPOINT WARNING * * *
The ten-headed hydra bites you but does no damage. x4
The ten-headed hydra bites you!
You die...

..≈......≈.≈≈≈≈≈♣♣ ♣♣♣
..≈≈.....≈....>≈.♣ ♣♣≈♣♣
..≈≈.♣<..≈≈≈♣≈♣.≈♣♣ ♣.≈≈♣
.......≈≈≈≈≈≈≈..≈.♣♣ ♣♣.≈.♣♣♣♣♣
♣♣♣♣♣.§≈≈.≈≈≈≈.....♣ ♣♣.♣≈≈≈.♣≈♣
♣ ♣♣≈...≈≈≈≈.≈.♣≈♣ ♣♣..♣≈÷..≈≈.
♣♣≈.....§≈§§§≈♣ ♣.♣......≈(.
♣♣......≈♣DD.♣♣♣♣≈♣♣≈^≈≈...
♣♣...≈.≈§@D≈§♣♣≈≈♣≈......♣
♣♣....≈..≈D♣♣.♣...♣♣.♣♣.§.♣
♣.♣♣....≈♣≈............†.≈♣
♣♣.≈≈.♣♣≈♣♣.≈≈≈.....###..≈♣
♣.≈≈≈.♣♣≈♣♣.)≈........#..♣♣ ♣♣
♣.≈≈..≈...♣....##...##....♣
≈♣♣♣♣♣♣.≈≈.♣≈≈≈≈.♣...##.#.......♣
..≈......≈.≈≈≈≈≈≈≈≈.............♣
≈.≈§≈≈≈♣.≈≈≈.≈≈≈.♣♣.......##.##.♣


You could see Bai Suzhen, a ten-headed hydra, an eight-headed hydra and a
seven-headed hydra.

Vanquished Creatures
  Gastronok (Lair:2)
  Roxanne (D:15)
  2 thorn hunters (Swamp:2)
  A frost giant (IceCv)
  2 orc warlords (Orc:2)
  The ghost of kirsanium the Protected, a journeyman MiFi of Okawaru (D:13)
  A minotaur (Lab)
  Josephine (Lair:6)
  An ice dragon (Lair:6)
  2 catoblepae
  2 vault guards (D:14)
  Harold (Lair:1)
  4 centaur warriors (D:14)
  7 alligators (Swamp:2)
  4 hydras
  9 two-headed ogres
  2 tengu warriors (D:15)
  5 death yaks
  An ogre mage (D:15)
  A deep troll shaman (Lair:6)
  A queen ant (D:8)
  Urug (Orc:1)
  A storm dragon zombie (D:15)
  An orc high priest (Orc:2)
  10 skeletal warriors
  A flayed ghost (D:15)
  An unseen horror (D:14)
  2 shambling mangroves (Swamp:2)
  2 wizards (D:14)
  3 swamp dragons
  A golden dragon skeleton (D:15)
  A wolf spider zombie (D:15)
  3 necromancers
  6 ugly things
  5 orc knights
  4 orc sorcerers (Orc:2)
  2 cyclopes (D:15)
  3 manticores
  9 slime creatures
  20 elephants (Lair:6)
  A guardian serpent (Lair:3)
  4 black mambas
  8 centaur skeletons
  An ice statue (IceCv)
  4 gargoyles
  12 spiny frogs
  A kobold demonologist (D:11)
  2 yaktaurs
  5 komodo dragons
  3 meliai (D:14)
  7 trolls
  21 polar bears
  A tyrant leech (Swamp:1)
  2 polar bears (shapeshifter)
  8 hornets
  5 dream sheep (Lair:6)
  13 hippogriffs
  2 meliai zombies
  18 blink frogs
  4 bog bodies
  An ice dragon skeleton (D:15)
  A fire dragon skeleton (D:15)
  2 shadows (Swamp:1)
  3 spriggans
  A water elemental (D:14)
  4 wyverns
  18 humans (D:14)
  5 wraiths (Lair:6)
  44 yaks
  A basilisk (Lair:5)
  3 hungry ghosts
  6 vampire mosquitoes
  3 acid dragons
  13 swamp worms
  5 water moccasins
  A warg (Orc:2)
  Duvessa (D:7)
  12 soldier ants
  A hornet zombie (D:10)
  9 porcupines
  39 orc warriors
  6 ice beasts
  2 swamp drakes
  4 sky beasts
  8 black bears
  11 ogres
  4 phantoms
  A necrophage (D:15)
  27 wolves
  13 centaurs
  9 crocodiles
  Blork the orc (Orc:2)
  4 big kobolds
  17 bullfrogs
  2 wyvern zombies
  A gnoll sergeant (D:6)
  Dowan (D:7)
  4 scorpions
  A wyvern skeleton (D:15)
  24 killer bees
  6 wights
  3 howler monkeys
  An electric eel (D:14)
  7 crimson imps
  2 bullfrog zombies (D:10)
  A quasit (D:9)
  4 centaur zombies
  14 orc priests
  2 jellies
  Crazy Yiuf (D:4)
  6 hounds
  28 orc wizards
  A bullfrog skeleton (D:12)
  Jessica (D:2)
  9 iguanas
  44 worker ants
  10 gnolls
  2 howler monkey skeletons (D:7)
  14 adders
  4 river rats (Sewer)
  A shadow imp (D:8)
  3 oozes
  3 adder skeletons
  An adder zombie (D:7)
  A worm (D:3)
  2 dart slugs (D:1)
  12 leopard geckos
  83 orcs
  6 giant cockroaches
  2 gnoll zombies (D:5)
  6 goblins
  7 hobgoblins
  19 jackals
  4 quokkas
  7 ball pythons
  7 bats
  11 frilled lizards
  A jackal skeleton (D:6)
  A jackal zombie (D:6)
  30 kobolds
  A leopard gecko skeleton (D:4)
  2 leopard gecko zombies (D:5)
  A quokka skeleton (D:5)
  30 rats
962 creatures vanquished.

Vanquished Creatures (collateral kills)
  Snorg (Orc:2)
1 creature vanquished.

Vanquished Creatures (others)
  An unseen horror (D:14)
  2 polar bears
  A swamp worm (Swamp:1)
  7 fungi (Lair:6)
  6 plants (Lair:6)
  3 toadstools (Swamp:2)
20 creatures vanquished.

Grand Total: 983 creatures vanquished

Notes
Turn   | Place    | Note
-------+----------+-------------------------------------------
     0 | D:1      | Monsterracer the Ogre Ice Elementalist began the quest for the Orb.
     0 | D:1      | Reached XP level 1. HP: 16/16 MP: 3/3
   123 | D:1      | Reached XP level 2. HP: 22/24 MP: 0/5
   187 | D:1      | Learned a level 2 spell: Throw Frost
   740 | D:1      | HP: 12/24 [hobgoblin/club (3)]
   745 | D:1      | HP: 10/24 [hobgoblin/club (2)]
   748 | D:1      | HP: 2/24 [hobgoblin/club (3)]
  1218 | D:1      | Reached XP level 3. HP: 23/31 MP: 3/7
  1223 | D:1      | Learned a level 3 spell: Ozocubu's Armour
  1839 | D:2      | Noticed Jessica
  1850 | D:2      | Killed Jessica
  1850 | D:2      | Reached XP level 4. HP: 37/39 MP: 0/9
  3119 | D:3      | Reached XP level 5. HP: 45/45 MP: 10/10
  3383 | D:3      | Found a glowing drain.
  3404 | Sewer    | Entered a sewer
  3494 | Sewer    | Noticed a big kobold
  3508 | Sewer    | HP: 21/45 [kobold/uncursed short sword (2)]
  3509 | Sewer    | Killed a big kobold
  3513 | Sewer    | HP: 20/45 [poisoned by a kobold]
  3518 | Sewer    | HP: 19/45 [poisoned by a kobold]
  3526 | Sewer    | HP: 18/45 [poisoned by a kobold]
  3757 | Sewer    | Reached skill level 5 in Ice Magic
  3853 | Sewer    | Learned a level 4 spell: Summon Ice Beast
  3903 | Sewer    | Reached XP level 6. HP: 43/53 MP: 9/12
  3914 | Sewer    | HP: 24/53 [river rat (6)]
  4172 | Sewer    | HP: 26/53 [poisoned by a kobold]
  4178 | Sewer    | HP: 23/53 [poisoned by a kobold]
  4184 | Sewer    | HP: 21/53 [poisoned by a kobold]
  4189 | Sewer    | HP: 20/53 [poisoned by a kobold]
  4197 | Sewer    | HP: 20/53 [poisoned by a kobold]
  5047 | D:3      | Reached skill level 1 in Conjurations
  5483 | D:4      | Found a staircase to the Ecumenical Temple.
  5485 | D:4      | Reached skill level 1 in Fighting
  5495 | Temple   | Entered the Ecumenical Temple
  5661 | Temple   | Became a worshipper of Ashenzari the Shackled
  5706 | D:4      | Learned a level 4 spell: Throw Icicle
  5740 | D:4      | Reached skill level 5 in Spellcasting
  5740 | D:4      | Reached XP level 7. HP: 59/62 MP: 14/14
  5797 | D:4      | Learned a level 1 spell: Apportation
  5949 | D:4      | Found a deep blue altar of Sif Muna.
  6000 | D:4      | Reached skill level 1 in Staves
  6108 | D:4      | Found a runed door.
  6134 | D:4      | Noticed Crazy Yiuf
  6142 | D:4      | Killed Crazy Yiuf
  6144 | D:4      | HP: 31/63 [poisoned by Crazy Yiuf]
  6150 | D:4      | HP: 27/63 [poisoned by Crazy Yiuf]
  6155 | D:4      | HP: 25/63 [poisoned by Crazy Yiuf]
  6160 | D:4      | HP: 24/63 [poisoned by Crazy Yiuf]
  6167 | D:4      | HP: 24/63 [poisoned by Crazy Yiuf]
  6175 | D:4      | HP: 23/63 [poisoned by Crazy Yiuf]
  6480 | D:5      | Entered Level 5 of the Dungeon
  6632 | D:5      | Reached skill level 1 in Summonings
  6640 | D:5      | HP: 25/63 [ogre/giant club (15)]
  6645 | D:5      | Reached skill level 2 in Fighting
  7016 | D:5      | Reached XP level 8. HP: 74/74 MP: 13/16
  7304 | D:5      | HP: 33/74 [centaur (7)]
  7309 | D:5      | Reached skill level 3 in Fighting
  7830 | D:5      | Reached * piety under Ashenzari
  7834 | D:5      | Found a basalt altar of Yredelemnul.
  8064 | D:6      | Found Qaumoh's Book Emporium.
  8554 | D:6      | Found a white marble altar of Elyvilon.
  8673 | D:5      | Reached skill level 4 in Fighting
  8730 | D:6      | Reached XP level 9. HP: 55/84 MP: 7/18
  8903 | D:6      | HP: 38/84 [orc wizard/puff of flame (9)]
  8924 | D:6      | HP: 23/84 [orc wizard/puff of flame (6)]
  9304 | D:6      | HP: 42/85 [worker ant (7)]
  9759 | D:7      | Reached skill level 5 in Staves
  9994 | D:7      | Found Namus's Armour Shop.
 10416 | D:7      | Reached skill level 5 in Fighting
 10416 | D:7      | Reached skill level 1 in Charms
 10483 | D:7      | Noticed Dowan
 10486 | D:7      | Noticed Duvessa
 10509 | D:7      | Killed Duvessa
 10512 | D:7      | Killed Dowan
 11354 | D:7      | Reached XP level 10. HP: 53/97 MP: 8/20
 11355 | D:7      | HP: 45/97 [worker ant (5)]
 11360 | D:7      | HP: 41/97 [poisoned by a worker ant]
 11365 | D:7      | HP: 39/97 [poisoned by a worker ant]
 11371 | D:7      | HP: 37/97 [poisoned by a worker ant]
 11376 | D:7      | HP: 36/97 [poisoned by a worker ant]
 11384 | D:7      | HP: 37/97 [poisoned by a worker ant]
 12852 | D:7      | Reached skill level 6 in Fighting
 13549 | D:8      | Noticed a queen ant
 13593 | D:7      | HP: 45/98 [scorpion (9)]
 13598 | D:7      | HP: 43/98 [scorpion (3)]
 13603 | D:7      | HP: 40/98 [poisoned by a scorpion]
 13610 | D:7      | HP: 39/98 [poisoned by a scorpion]
 13617 | D:7      | HP: 39/98 [poisoned by a scorpion]
 13625 | D:7      | HP: 39/98 [poisoned by a scorpion]
 13853 | D:8      | Found a hide-covered altar of Uskayaw.
 13907 | D:8      | Found a staircase to the Lair.
 13986 | D:8      | HP: 48/100 [soldier ant (10)]
 13991 | D:8      | HP: 35/100 [poisoned by a soldier ant]
 13997 | D:8      | HP: 31/100 [poisoned by a soldier ant]
 14002 | D:8      | HP: 29/100 [poisoned by a soldier ant]
 14007 | D:8      | HP: 29/100 [poisoned by a soldier ant]
 14014 | D:8      | HP: 28/100 [poisoned by a soldier ant]
 14022 | D:8      | HP: 29/100 [poisoned by a soldier ant]
 14536 | D:8      | Killed a queen ant
 14631 | D:8      | Reached skill level 7 in Fighting
 15371 | D:9      | Reached ** piety under Ashenzari
 15461 | D:9      | Reached XP level 11. HP: 109/109 MP: 22/22
 15520 | D:7      | Bought the +2 hat of Nueched {rPois Str-2 Int+6} for 436 gold pieces
 15563 | D:9      | Noticed a two-headed ogre
 15569 | D:9      | Killed a two-headed ogre
 15733 | D:9      | Found a stormy altar of Qazlal.
 15921 | D:9      | Paralysed by fainting for 12 turns
 15923 | D:9      | HP: 47/109 [centaur/arrow (9)]
 15928 | D:9      | HP: 25/109 [centaur (4)]
 15933 | D:9      | HP: 17/109 [centaur (2)]
 16393 | D:9      | HP: 54/109 [scorpion (7)]
 16398 | D:9      | HP: 54/109 [poisoned by a kobold]
 16406 | D:9      | HP: 53/109 [poisoned by a kobold]
 16849 | D:10     | Entered Level 10 of the Dungeon
 17061 | D:10     | Found a staircase to the Orcish Mines.
 17089 | D:10     | HP: 43/109 [orc warrior/tomahawk (19)]
 17762 | D:10     | Noticed a two-headed ogre
 17778 | D:10     | HP: 45/111 [two-headed ogre/giant club (28)]
 17782 | D:10     | Killed a two-headed ogre
 18205 | D:10     | Found a roughly hewn altar of Beogh.
 18358 | D:10     | Reached skill level 8 in Fighting
 18619 | D:10     | Reached *** piety under Ashenzari
 18645 | D:10     | Found Ifra's Food Shoppe.
 18986 | D:10     | Reached skill level 10 in Ice Magic
 19271 | Lair:1   | Entered Level 1 of the Lair of Beasts
 19344 | Lair:1   | Noticed Harold
 19359 | Lair:1   | Killed Harold
 19465 | Lair:1   | Reached skill level 1 in Translocations
 19754 | Lair:1   | Reached skill level 5 in Conjurations
 19754 | Lair:1   | Reached XP level 12. HP: 108/122 MP: 24/24
 20160 | Lair:1   | Reached **** piety under Ashenzari
 20498 | Lair:2   | Noticed a four-headed hydra
 20503 | Lair:2   | Killed a four-headed hydra
 20832 | Lair:2   | Found a staircase to the Swamp.
 20840 | Lair:2   | Learned a level 6 spell: Deflect Missiles
 20845 | Lair:2   | Learned a level 4 spell: Cause Fear
 21080 | Lair:2   | Reached skill level 9 in Fighting
 21214 | Lair:2   | Noticed Gastronok
 21231 | Lair:2   | Killed Gastronok
 21231 | Lair:2   | Reached skill level 1 in Hexes
 21231 | Lair:2   | Reached skill level 1 in Air Magic
 21698 | Lair:3   | Identified the amulet "Ywoaroiwn" {Regen+ Int+7}
 22050 | Lair:3   | Identified the +5 scale mail "Laumua" {rN++ MR+}
 22282 | Lair:3   | Reached ***** piety under Ashenzari
 22506 | Lair:3   | Reached skill level 5 in Dodging
 22574 | Lair:3   | Found a staircase to the Snake Pit.
 22858 | Lair:4   | Found a labyrinth entrance.
 22871 | Lab      | Entered a labyrinth
 23483 | Lab      | Noticed a minotaur
 23501 | Lab      | Killed a minotaur
 23533 | Lab      | Identified the +0 ring mail of Cheibriados's Hope {*Contam MP+9 Str+4}
 23533 | Lab      | Identified the +5 bardiche of Spontaneous Combustion {chop, Int+3}
 23533 | Lab      | Identified the cursed ring of the Stag {rF+ EV-3}
 23543 | Lair:4   | Learned a level 2 spell: Blink
 23615 | Lair:4   | Reached XP level 13. HP: 130/133 MP: 11/25
 23988 | Lair:4   | Reached skill level 10 in Fighting
 23988 | Lair:4   | Reached skill level 1 in Polearms
 25151 | Lair:5   | Found a staircase to the Slime Pits.
 25151 | Lair:5   | Found a viscous altar of Jiyva.
 25610 | Lair:6   | Entered Level 6 of the Lair of Beasts
 25716 | Lair:6   | Reached ****** piety under Ashenzari
 25795 | Lair:6   | Noticed Josephine
 25805 | Lair:6   | Killed Josephine
 25941 | Lair:6   | Found a frozen archway.
 25946 | Lair:6   | Noticed an ice dragon
 26004 | Lair:6   | HP: 64/135 [yak (15)]
 26012 | Lair:6   | HP: 66/135 [yak (7)]
 26034 | IceCv    | Entered an ice cave
 26060 | IceCv    | HP: 67/135 [yak (8)]
 26191 | IceCv    | Reached skill level 10 in Staves
 26772 | IceCv    | HP: 66/136 [polar bear (13)]
 26779 | IceCv    | HP: 63/136 [polar bear (2)]
 26790 | IceCv    | HP: 60/136 [polar bear (9)]
 26801 | IceCv    | HP: 56/136 [polar bear (7)]
 26808 | IceCv    | HP: 52/136 [polar bear (10)]
 27183 | IceCv    | Reached skill level 11 in Fighting
 27306 | IceCv    | HP: 63/137 [polar bear (14)]
 27455 | IceCv    | Noticed a frost giant
 27474 | IceCv    | HP: 61/137 [frost giant/battleaxe of freezing (21)]
 27483 | IceCv    | HP: 57/205 [frost giant/battleaxe of freezing (15)]
 27486 | IceCv    | Killed a frost giant
 27486 | IceCv    | Reached XP level 14. HP: 92/146 MP: 2/26
 27500 | IceCv    | HP: 92/328 [death yak (7)]
 27507 | IceCv    | HP: 91/328 [death yak (5)]
 27517 | IceCv    | HP: 60/219 [yak (3)]
 27776 | Lair:6   | HP: 55/146 [ice dragon/blast of cold (24)]
 27781 | Lair:6   | HP: 40/146 [ice dragon (8)]
 27846 | Lair:6   | Learned a level 3 spell: Conjure Flame
 28402 | Lair:6   | HP: 66/146 [spiny frog (14)]
 28408 | Lair:6   | HP: 53/146 [poisoned by a spiny frog]
 28415 | Lair:6   | HP: 37/146 [poisoned by a spiny frog]
 28421 | Lair:5   | HP: 42/146 [poisoned by a spiny frog]
 28426 | Lair:5   | HP: 30/146 [poisoned by a spiny frog]
 28798 | Lair:6   | Reached skill level 5 in Hexes
 29443 | Lair:6   | HP: 74/148 [elephant (16)]
 29450 | Lair:6   | HP: 68/148 [elephant (10)]
 29458 | Lair:6   | HP: 66/148 [elephant (3)]
 29478 | Lair:6   | HP: 63/148 [elephant (15)]
 29486 | Lair:6   | HP: 70/148 [elephant (1)]
 29513 | Lair:6   | HP: 70/148 [elephant (16)]
 29521 | Lair:6   | HP: 69/148 [elephant (1)]
 29527 | Lair:6   | HP: 55/148 [elephant (13)]
 29909 | Lair:6   | Reached skill level 12 in Fighting
 30009 | Lair:6   | HP: 69/149 [seven-headed hydra (9)]
 30506 | Orc:1    | Entered Level 1 of the Orcish Mines
 30506 | Orc:1    | Found Upparis's Antique Weapon Shop.
 30506 | Orc:1    | Noticed Urug
 30511 | Orc:1    | Killed Urug
 30816 | Orc:2    | Entered Level 2 of the Orcish Mines
 30816 | Orc:2    | Found Koobriex's General Store.
 31243 | Orc:2    | Noticed Snorg
 31249 | Orc:2    | HP: 61/149 [Snorg (23)]
 31251 | Orc:2    | HP: 19/149 [Snorg (15)]
 31251 | Orc:2    | HP: 7/149 [Snorg (12)]
 31690 | Orc:2    | Found a staircase to the Elven Halls.
 31719 | Orc:2    | Reached XP level 15. HP: 158/158 MP: 9/27
 31841 | Orc:2    | Noticed Blork the orc
 31884 | Orc:2    | Killed Blork the orc
 31949 | Orc:2    | Reached skill level 5 in Charms
 31967 | Orc:1    | HP: 77/158 [orc warrior/battleaxe of chopping[an orc warlord] (23)]
 31974 | Orc:1    | HP: 72/158 [orc warrior/battleaxe of chopping[an orc warlord] (7)]
 31985 | Orc:1    | HP: 75/158 [orc warrior/battleaxe of chopping[an orc warlord] (2)]
 31994 | D:10     | HP: 77/158 [orc warrior/mace[an orc warlord] (6)]
 31999 | D:10     | HP: 72/158 [orc warrior/mace[an orc warlord] (9)]
 32004 | D:10     | HP: 72/158 [orc warrior/mace[an orc warlord] (1)]
 32347 | Orc:1    | Found a roughly hewn altar of Beogh.
 32613 | Orc:2    | Found a roughly hewn altar of Beogh.
 32800 | Orc:2    | Paralysed by an orc sorcerer for 4 turns
 32868 | Orc:2    | Noticed an orc warlord
 33078 | Orc:2    | Killed Snorg
 33078 | Orc:2    | Reached skill level 5 in Polearms
 33078 | Orc:2    | Reached skill level 1 in Armour
 33214 | Orc:2    | Noticed an orc warlord
 33223 | Orc:2    | Killed an orc warlord
 33223 | Orc:2    | Reduced skill Staves to level 10
 33401 | Orc:2    | Found Waenut's Antique Weapon Emporium.
 33407 | Orc:2    | Bought a smoking trident for 340 gold pieces
 33407 | Orc:2    | Identified the +5 trident of Starshine {vamp, rC- rN++ Str+9} (You bought it in a shop on level 2 of the Orcish Mines)
 33418 | Orc:2    | Killed an orc warlord
 33533 | Orc:2    | Found Ufyemics's General Store.
 33540 | Orc:2    | Bought a scroll of enchant weapon for 105 gold pieces
 33550 | Orc:2    | Found Ekar's Antique Armour Emporium.
 33566 | Orc:2    | Found Evifal's Jewellery Emporium.
 33940 | D:11     | HP: 65/158 [soul eater/drain life[a kobold demonologist] (16)]
 33946 | D:11     | HP: 44/158 [killer bee (3)]
 34088 | D:11     | Found Siag Kic's Distillery.
 34095 | D:11     | Bought a potion of heal wounds for 50 gold pieces
 34095 | D:11     | Bought a potion of haste for 100 gold pieces
 34095 | D:11     | Bought a potion of haste for 100 gold pieces
 35078 | D:12     | Found Xifoew's Distillery.
 35083 | D:12     | Bought a potion of heal wounds for 85 gold pieces
 35756 | D:12     | Found Veuxir's Pet Rocks.
 36068 | D:12     | Noticed Rupert
 36077 | D:12     | HP: 59/158 [Rupert/great sword of holy wrath (31)]
 36079 | D:12     | HP: 22/158 [Rupert/great sword of holy wrath (22)]
 36083 | D:12     | You fall through a shaft for 2 floors!
 36461 | D:13     | Reached skill level 13 in Fighting
 36588 | D:13     | Noticed kirsanium's ghost (journeyman MiFi)
 36604 | D:13     | Killed kirsanium's ghost
 37445 | D:14     | Reached skill level 10 in Polearms
 37488 | D:14     | Learned a level 6 spell: Freezing Cloud
 37602 | D:14     | Reached XP level 16. HP: 169/169 MP: 29/29
 37805 | D:14     | Found a gate to the Vaults.
 37965 | D:14     | Gained mutation: Your mind is acute. (Int +2) [mutagenic meat]
 38119 | D:15     | Entered Level 15 of the Dungeon
 38169 | D:15     | Found a staircase to the Depths.
 38191 | D:15     | HP: 75/170 [??? (73)]
 38201 | D:15     | HP: 85/170 [orc warrior/flail[an orc knight] (3)]
 38365 | D:15     | HP: 76/170 [golden dragon skeleton (22)]
 38626 | D:15     | Noticed Roxanne
 39160 | D:15     | Killed Roxanne
 39208 | D:15     | Identified Roxanne's Almanac of Moulding (You took it off Roxanne on level 15 of the Dungeon)
 39213 | D:15     | Learned a level 2 spell: Passwall
 39411 | D:15     | Reached skill level 5 in Air Magic
 40160 | Swamp:1  | Entered Level 1 of the Swamp
 40935 | Swamp:1  | HP: 84/171 [spriggan rider/spear (8)]
 40940 | Swamp:1  | HP: 75/171 [hornet (8)]
 41372 | Swamp:2  | Reached skill level 10 in Spellcasting
 41379 | Swamp:2  | Noticed a thorn hunter
 41385 | Swamp:2  | HP: 76/171 [spiny frog (12)]
 41388 | Swamp:2  | HP: 29/171 [thorn hunter/volley of thorns (32)]
 41838 | Swamp:2  | Killed a thorn hunter
 41838 | Swamp:2  | Reached skill level 14 in Fighting
 42053 | Swamp:2  | HP: 71/172 [alligator (20)]
 42241 | Swamp:2  | Reached XP level 17. HP: 180/180 MP: 18/31
 42828 | Swamp:3  | Noticed Bai Suzhen
 42852 | Swamp:2  | HP: 84/180 [seven-headed hydra[Bai Suzhen] (12)]
 42853 | Swamp:2  | HP: 38/180 [seven-headed hydra[Bai Suzhen] (6)]
 42853 | Swamp:2  | HP: 12/180 [eight-headed hydra[Bai Suzhen] (14)]
 42853 | Swamp:2  | Slain by a ten-headed hydra

Skill      XL: |  1  2  3  4  5  6  7  8  9 10 11 12 13 14 15 16 |
---------------+-------------------------------------------------+-----
Ice Magic      | 3 4 5 6 8 9 10 11 12 13 | 13.4
Spellcasting   | 3 4 5 6 7 8 9 10 | 10.5
Conjurations   | 1 2 3 5 6 7 8 9 |  9.5
Fighting       | 1 2 4 5 7 8 9 11 12 13 14 | 14.1
Staves         | 2 4 6 7 9 10 11 8 |  8.7
Summonings     | 1 2 |  2.5
Charms         | 1 2 3 4 5 |  5.3
Dodging        | 3 5 6 |  6.0
Translocations | 1 |  1.0
Hexes          | 2 4 5 |  5.6
Air Magic      | 2 4 5 |  5.5
Stealth        | 2 3 |  3.3
Polearms       | 1 10 11 | 11.7
Armour         | 2 4 |  4.3

Action                   |  1- 3 |  4- 6 |  7- 9 | 10-12 | 13-15 | 16-18 || total
-------------------------+-------+-------+-------+-------+-------+-------++-------
Melee: Unarmed           |    11 |       |       |       |       |       ||    11
       Short sword       |    17 |    22 |       |       |       |       ||    39
       Dagger            |     9 |     8 |       |       |       |       ||    17
       Quarterstaff      |       |   165 |   305 |   681 |  1617 |       ||  2768
       Bardiche          |       |       |       |       |   615 |   507 ||  1122
       Staff             |       |       |       |       |     3 |       ||     3
       Glaive            |       |       |       |       |    36 |       ||    36
 Cast: Freeze            |    37 |    68 |   113 |   350 |   241 |       ||   809
       Ozocubu's Armour  |       |     3 |    23 |    44 |    76 |    24 ||   170
       Throw Frost       |       |       |    14 |       |       |       ||    14
       Throw Icicle      |       |       |     1 |    30 |   159 |    65 ||   255
       Summon Ice Beast  |       |       |       |     3 |     3 |       ||     6
       Cause Fear        |       |       |       |       |     2 |     1 ||     3
       Blink             |       |       |       |       |     6 |     4 ||    10
       Conjure Flame     |       |       |       |       |    13 |    11 ||    24
       Deflect Missiles  |       |       |       |       |     1 |     6 ||     7
       Freezing Cloud    |       |       |       |       |       |     7 ||     7
Invok: Curse Item        |       |     2 |     2 |     3 |     3 |       ||    10
       Transfer Knowledg |       |       |       |       |     1 |       ||     1
Evoke: Wand              |       |       |       |     1 |     1 |       ||     2
  Use: Scroll            |       |    11 |    10 |     7 |    16 |     2 ||    46
       Potion            |       |       |       |       |     3 |     1 ||     4
 Stab: Sleeping          |       |     1 |     3 |     2 |    14 |     2 ||    22
       Distracted        |       |       |       |     1 |     1 |     1 ||     3
       Petrifying        |       |       |       |       |     1 |       ||     1
       Petrified         |       |       |       |       |     1 |       ||     1
  Eat: Chunk             |     3 |    11 |    15 |    28 |    43 |    21 ||   121
       Meat ration       |       |       |     1 |     1 |       |       ||     2
       Fruit             |       |       |       |     8 |     1 |       ||     9
       Royal jelly       |       |       |       |     1 |     3 |       ||     4
       Bread ration      |       |       |       |       |     1 |       ||     1
Armor: Robe              |    19 |    87 |   186 |   272 |       |       ||   564
       Troll leather arm |       |       |       |   142 |  1883 |   323 ||  2348
       Skin              |       |       |       |       |    27 |       ||    27
Dodge: Dodged            |    45 |   180 |   212 |   458 |  2350 |   349 ||  3594
       Deflected         |       |       |       |       |    16 |    34 ||    50
Block: Other             |       |       |       |   156 |     1 |       ||   157
       Reflection        |       |       |       |     7 |       |       ||     7

Vault maps used:
D:1:      minmay_arrival_three_doors
D:2:      uniq_jessica
D:3:      gup_sewer_entry_spiral
D:4:      led_sif_pool, minmay_temple_entry_grid, uniq_crazy_yiuf_cottage
D:5:      lemuel_zombie_altar_yredelemnul, first_bread, minmay_hedge_maze
D:6:      elyvilon_altar_3, serial_shops, shop
D:7:      serial_shops, shop, the_bakery, uniq_duvessa
D:8:      lair_entry_dummy, basic_altar, zaba_anthell
D:9:      grunt_qazlal_clouds
D:10:     minmay_orc_entry_temple_small, serial_shops, shop
D:11:     serial_shops, shop, hangedman_abyss_or_decor_slice
D:12:     serial_shops, kennysheep_little_box, guppyfry_shop_earth, uniq_rupert
D:14:     grunt_vaults_entry_tiered, kennysheep_crisscross
D:15:     gammafunk_depths_entry_grave, uniq_roxanne
Temple:   dpeg_five_rooms_temple
Lair:1:   uniq_harold
Lair:2:   swamp_mist_pool, uniq_gastronok
Lair:3:   minmay_snake_entry_spellcaster, kennysheep_catoblepas_arena,
          lemuel_fruit_fields
Lair:4:   lab_entry_generic
Lair:5:   slime_altar_1, infiniplex_staircase_pool_2
Lair:6:   grunt_lair_end_beastmaster, portal_ice_cave_entry_animals_and_master,
          uniq_josephine
Swamp:1:  evilmike_swamp_ruin_house_6
Swamp:2:  cheibrodos_swamp_tower_of_moss, evilmike_swamp_ruin_rubble_1,
          swamp_pool1
Swamp:3:  infiniplex_staircase_pool, swamp_pool1, uniq_bai_suzhen, uniq_donald,
          uniq_mara
Orc:1:    serial_shops, shop, mines1_david, uniq_urug
Orc:2:    grunt_orc_cross, serial_shops, shop, minmay_orc_barracks, uniq_snorg
Lab:      labyrinth_mini_lab
Sewer:    sewer_minmay_treatment
IceCv:    ice_cave_caverns_02
